 Dungeon Crawl Stone Soup version 0.28-a0-1594-ga885d4b3d6 (webtiles) character file.

Game seed: 5672982980012856441

8664 belegose the Schismatic (level 11, 0/84 HPs)
             Began as a Black Draconian Abyssal Knight on Jan 20, 2022.
             Was an Elder of Lugonu.
             Slain by a human (2 damage)
             ... in a bailey.
             The game lasted 00:43:35 (17371 turns).

belegose the Schismatic (DrAK)                     Turns: 17371, Time: 00:43:35

Health: 0/84       AC:  8    Str: 16    XL:     11   Next: 12%
Magic:  0/26       EV: 12    Int: 14    God:    Lugonu [****..]
Gold:   531        SH:  9    Dex: 12    Spells: 10/10 levels left

rFire   . . .      SeeInvis +   a - +1 dagger (venom)
rCold   . . .      Faith    .   G - +0 kite shield
rNeg    . . .      Spirit   +   (armour unavailable)
rPois   .          Reflect  .   (helmet restricted)
rElec   +          Harm     .   (no cloak)
rCorr   .          Rampage  .   (no gloves)
Will    .....                   h - +0 pair of boots
Stlth   ++++......              D - amulet of guardian spirit
HPRegen 0.24/turn               E - ring of magical power
MPRegen 0.20/turn               l - ring of see invisible

@: short of breath, invisible
A: breathe lightning, AC +7, unfitting armour, electricity resistance,
cold-blooded
a: Breathe Lightning, Renounce Religion, Depart the Abyss, Bend Space, Banish,
Corrupt


You were in a bailey.
You worshipped Lugonu.
Lugonu was greatly pleased with you.
You visited 2 branches of the dungeon, and saw 11 of its levels.
You visited the Abyss 1 time.
You also visited: Ossuary and Bailey.

You collected 531 gold pieces.

Inventory:

Hand Weapons
 a - a +1 dagger of venom (weapon)
 b - a +1 falchion
 w - a +1 spear of venom
 F - a +0 dagger of electrocution
Missiles
 c - 149 stones
 i - 14 poisoned darts
 s - 12 javelins
 H - 4 boomerangs (quivered)
Armour
 h - a +0 pair of boots (worn)
 G - a +0 kite shield (worn)
Jewellery
 e - the ring of the Equinox {Int+4 SInv Stlth+}
   (You found it on level 7 of the Dungeon)

   [ring of see invisible]

   Int:       It affects your intelligence (+4).
   SInv:      It lets you see invisible.
   Stlth:     It makes you more stealthy.
 j - a +6 ring of intelligence
 l - a ring of see invisible (right hand)
 D - an amulet of guardian spirit (around neck)
 E - a ring of magical power (left hand)
Wands
 f - a wand of digging (4)
Scrolls
 n - 3 scrolls of teleportation {unknown}
 p - a scroll of brand weapon {unknown}
 q - 4 scrolls of holy word
 r - 3 scrolls of identify
 t - 2 scrolls of enchant armour {unknown}
 u - a scroll of fog {unknown}
 y - a scroll of vulnerability {unknown}
 C - 2 scrolls of blinking {unknown}
Potions
 g - 5 potions of curing
 k - 2 potions of lignification
 m - a potion of haste
 o - 3 potions of ambrosia {unknown}
 v - a potion of flight
 x - 2 potions of might
 z - 3 potions of heal wounds
 A - 2 potions of brilliance
 B - a potion of mutation
 I - a potion of resistance {unknown}
 J - a potion of berserk rage
 K - a potion of cancellation {unknown}
 L - a potion of degeneration {unknown}


   Skills:
 - Level 4.0 Fighting
 - Level 6.0(6.3) Short Blades
 - Level 3.1(4.9) Long Blades
 - Level 0.9 Polearms
 + Level 6.7 Throwing
 - Level 5.7 Dodging
 + Level 7.7 Stealth
 + Level 4.9 Shields
 + Level 8.8 Invocations
 + Level 3.6 Evocations


You had 10 spell levels left.
You didn't know any spells.
Your spell library contained the following spells:

 Spells                   Type           Power      Damage    Failure   Level
 Confusing Touch          Hex            0%         N/A       94%         3
 Inner Flame              Hex/Fire       0%         N/A       94%         3
 Cause Fear               Hex            0%         N/A       100%        4
 Yara's Violent Unravell  Hex/Tmut       0%         3d3       100%        5
 Enfeeble                 Hex            0%         N/A       100%        7
 Discord                  Hex            0%         N/A       100%        8


Dungeon Overview and Level Annotations

Branches:
Dungeon (10/15)            Temple (1/1) D:4            Lair (0/6) D:8
Ossuary (visited)          Bailey (1/1)
    Orc: D:9-12

Altars:
Ashenzari
Dithmenos
Fedhas
Makhleb
Nemelex Xobeh
Okawaru
Vehumet
Yredelemnul
Zin
The Shining One

Shops:
D:6 *

Annotations:
D:3 1 runed translucent door, exclusion: door, Crazy Yiuf


Innate Abilities, Weirdness & Mutations

You can breathe wild blasts of lightning.
Your glossy black scales are hard. (AC +7)
You cannot fit into any form of body armour.
You are resistant to electric shocks. (rElec)
You are cold-blooded and may be slowed by cold attacks.


Message History

Unknown command.
Unknown command.
You hear a splash. x2
You close the door, pushing everything out of the way.
You see here a human corpse.
Something unseen opens the door.
An orc warrior comes into view. It is wielding a +0 hand axe.
An orc comes into view. It is wielding a +0 hand axe.
Unknown command.
There are monsters nearby!
A human and 2 gnolls come into view.
The human is wielding a +1 vorpal hand axe.
The gnoll shouts!
The orc warrior shouts!
A human opens the door.
There is a gate leading back out of this place here.
You fade into invisibility!
You barely miss the gnoll. The gnoll hits you with a +0 hand axe.
* * * LOW HITPOINT WARNING * * *
Unknown command.
You strike the helpless gnoll from behind!
You impale the gnoll!!
You kill the gnoll!
Lugonu accepts your kill.
An orc comes into view. It is wielding a +0 hand axe.
The human barely misses you.
You catch the helpless human completely off-guard!
You impale the human!!
The human looks as sick as possible!
You tail-slap the human, but do no damage.
The human is severely wounded.
An orc comes into view. It is wielding a +0 hand axe.
The human hits you with a +1 vorpal hand axe.
* * * LOW HITPOINT WARNING * * *
x2 The human hits you with a +1 vorpal hand axe!
* * * LOW HITPOINT WARNING * * *
x2 Unknown command.
You kill the human!
Lugonu accepts your kill.
An orc comes into view. It is wielding a +0 hand axe.
The human hits you with a +0 war axe.
You die...

#### ..... #####
....o##...##
#....'.)g..# ###
#####oop..# ##...
##≈≈['†@∩..#
......#≈≈≈)##...##
#.....'≈≈≈≈≈#####
##....#≈≈≈≈≈# ##..
##≈≈≈## ## #####


You could see a human, an orc warrior (wandering), a gnoll and 2 orcs.

Vanquished Creatures
  2 two-headed ogres
  A centaur zombie (D:10)
  A kobold demonologist (D:9)
  3 humans (Bailey)
  A wraith (D:8)
  8 yaks
  A steam dragon (D:7)
  Menkaure (D:5)
  3 water moccasins
  2 orc warriors
  A sky beast (D:7)
  2 black bears
  2 ice beasts
  A necrophage (D:8)
  4 ogres
  4 centaurs
  A kobold brigand (D:4)
  4 bullfrogs
  3 scorpions
  3 gnoll sergeants (D:8)
  4 water moccasin zombies
  A water moccasin skeleton (D:7)
  8 wights
  8 electric eels (D:9)
  A crimson imp (D:4)
  2 bullfrog zombies
  2 hounds (D:5)
  7 orc priests
  3 bullfrog skeletons (D:5)
  2 centaur skeletons
  A jelly (D:4)
  Jessica (D:2)
  An iguana (D:6)
  Natasha (twice) (D:4)
  8 orc wizards
  A killer bee zombie (D:7)
  A hound skeleton (D:4)
  A howler monkey zombie (D:9)
  2 mummies (Ossuary)
  23 gnolls
  8 adders
  2 shadow imps (D:6)
  2 ufetubi (D:6)
  6 adder zombies (Ossuary)
  2 worms
  2 dart slugs
  21 orcs
  13 endoplasms
  4 giant cockroaches
  6 gnoll zombies (Ossuary)
  9 goblins
  8 hobgoblins
  2 jackals (D:4)
  4 quokkas
  11 ball pythons
  9 bats
  2 frilled lizards (D:3)
  5 hobgoblin zombies (Ossuary)
  22 kobolds
  3 kobold zombies (Ossuary)
  5 orc zombies (Ossuary)
  4 rats
277 creatures vanquished.

Vanquished Creatures (others)
  21 fungi (D:8)
  73 plants
  2 starspawn tentacles (Abyss:1)
96 creatures vanquished.

Grand Total: 373 creatures vanquished

Notes
Turn   | Place    | Note
-------+----------+-------------------------------------------
     0 | Abyss:1  | belegose the Draconian Abyssal Knight began the quest for
                  | the Orb.
     0 | Abyss:1  | Reached XP level 1. HP: 19/19 MP: 2/2
    15 | Abyss:1  | Noticed a tentacled starspawn
    22 | Abyss:1  | Noticed a large abomination
    43 | Abyss:1  | Noticed a large abomination
    47 | Abyss:1  | Noticed a mana viper
    48 | Abyss:1  | Noticed a small abomination
    50 | D:1      | Escaped the Abyss
   128 | D:1      | Reached * piety under Lugonu
   248 | D:1      | Reached XP level 2. HP: 16/26 MP: 3/3
  1091 | D:2      | Noticed Jessica
  1109 | D:2      | Killed Jessica
  1110 | D:2      | Reached skill level 1 in Stealth
  1110 | D:2      | Reached XP level 3. HP: 28/33 MP: 4/4
  1399 | D:2      | Reached XP level 4. HP: 40/40 MP: 4/6
  2567 | D:3      | Reached skill level 3 in Invocations
  2827 | D:3      | Reached ** piety under Lugonu
  2909 | D:3      | Identified the -4 pair of boots of the Mackerel {rPois rN+}
  2946 | D:3      | Found a runed translucent door.
  2947 | D:3      | Noticed Crazy Yiuf
  3000 | D:3      | Reached XP level 5. HP: 39/46 MP: 7/7
  3735 | D:4      | Reached skill level 1 in Throwing
  3735 | D:4      | Reached XP level 6. HP: 33/52 MP: 8/8
  3927 | D:4      | Found a staircase to the Ecumenical Temple.
  3971 | Temple   | Entered the Ecumenical Temple
  3987 | D:4      | Found a blossoming altar of Fedhas.
  4579 | D:3      | Reached skill level 1 in Short Blades
  4812 | D:4      | Found a sparkling altar of Nemelex Xobeh.
  4958 | D:4      | Found a radiant altar of Vehumet.
  4959 | D:4      | Found a burning altar of Makhleb.
  5137 | D:4      | Reached *** piety under Lugonu
  5162 | D:4      | Reached skill level 4 in Invocations
  5361 | D:4      | Noticed Natasha
  5372 | D:4      | Killed Natasha
  5373 | D:4      | Your scales start taking on a glossy black colour.
  5373 | D:4      | Reached XP level 7. HP: 42/59 MP: 10/10
  5373 | D:4      | Gained mutation: You are resistant to electric shocks.
                  | (rElec) [Black Draconian growth]
  5509 | D:4      | Noticed Natasha
  5512 | D:4      | Killed Natasha
  5616 | D:5      | Entered Level 5 of the Dungeon
  5687 | D:5      | Found a shadowy altar of Dithmenos.
  5736 | D:5      | Noticed Menkaure
  5806 | D:5      | Killed Menkaure
  5815 | D:5      | Found a sand-covered staircase.
  5825 | Ossuary  | Entered an ossuary
  6128 | Ossuary  | Reached **** piety under Lugonu
  6148 | Ossuary  | Reached XP level 8. HP: 54/66 MP: 11/11
  6370 | D:5      | Reached skill level 5 in Invocations
  7733 | D:6      | Reached skill level 5 in Dodging
  7798 | D:6      | Found a glowing silver altar of Zin.
  8005 | D:6      | Found Libb's General Store.
  8249 | D:7      | Reached skill level 5 in Stealth
  8249 | D:7      | Reached skill level 6 in Invocations
  8420 | D:7      | Reached XP level 9. HP: 71/71 MP: 13/13
  8434 | D:7      | Found a broken altar of Ashenzari.
 10129 | D:7      | Identified the ring of the Equinox {Int+4 SInv Stlth+}
 10260 | D:7      | Found a glowing golden altar of the Shining One.
 10809 | D:8      | Reached skill level 5 in Short Blades
 10983 | D:8      | Noticed a two-headed ogre
 11601 | D:8      | Reached skill level 1 in Shields
 11621 | D:8      | Killed a two-headed ogre
 11622 | D:8      | Reached skill level 5 in Throwing
 11622 | D:8      | Reached skill level 7 in Invocations
 11955 | D:8      | Reached XP level 10. HP: 59/78 MP: 15/15
 12268 | D:8      | Found an iron altar of Okawaru.
 12271 | D:8      | Found a basalt altar of Yredelemnul.
 12775 | D:8      | Found a staircase to the Lair.
 13668 | D:9      | Identified the +5 ring mail of Defiance {rElec rF+}
 13809 | D:8      | Reached skill level 1 in Evocations
 14055 | D:9      | Reached skill level 8 in Invocations
 14933 | D:9      | Noticed a two-headed ogre
 14970 | D:9      | Killed a two-headed ogre
 16145 | D:9      | Reached XP level 11. HP: 55/78 MP: 17/17
 16712 | D:10     | Entered Level 10 of the Dungeon
 17019 | D:10     | Found a flagged portal.
 17024 | Bailey   | Entered a bailey
 17370 | Bailey   | HP: 4/84 [human (6)]
 17371 | Bailey   | Slain by a human

Illustrated notes

Levels and vault maps discovered:
D:1:      sevenhm_arrival_forest_fort_large_1, layout_loops_ring
D:2:      layout_basic, minmay_tetromino_s2, uniq_jessica
D:3:      layout_basic, uniq_crazy_yiuf_cottage
D:4:      kennysheep_kobold_camp, layout_loops_ring,
          mainiacjoe_overflow_catwalk, lemuel_coloured_pillars_altar,
          grunt_temple_overflow_lords_of_destruction,
          minmay_temple_entry_drinking_statues, corexii_checkpoint_a,
          minmay_surrounded, uniq_natasha
D:5:      layout_cave_pools, nicolae_dithmenos_shadow_blocks,
          nicolae_ossuary_entry_ruins, amcnicky_mini_pool_small,
          minmay_statues_item, uniq_menkaure
D:6:      layout_cave_pools, amcnicky_altar_gilded, serial_shops,
          nicolae_shop_advertising_works [nicolae_subvault_shop_adworks]
D:7:      layout_basic, overflow_temple_1_default, kennysheep_mini_moat
D:8:      layout_loops_ring, grunt_temple_overflow_open,
          grunt_lair_entry_orc_guard_hut, st_stairs_4
D:9:      layout_basic, corexii_corridor_pit
D:10:     layout_long_grid, mainiacjoe_overflow_alcove_2, enter_bailey_3,
          uniq_erolcha
Temple:   jpeg_temple_clearing
Bailey:   bailey_axe_froggy_fort_hellmonk, bailey

Skill      XL: |  1  2  3  4  5  6  7  8  9 10 |
---------------+-------------------------------+-----
Stealth        | 1 2 3 5 6 7 |  7.7
Fighting       | 4 |  4.0
Invocations    | 3 4 6 7 8 |  8.8
Long Blades    | 3 |  3.1
Dodging        | 3 4 5 |  5.7
Throwing       | 1 2 4 5 6 |  6.7
Short Blades   | 1 2 4 5 6 |  6.0
Shields        | 2 4 |  4.9
Evocations     | 3 |  3.6
Polearms       | |  0.9

Action                   |  1- 3 |  4- 6 |  7- 9 | 10-12 || total
-------------------------+-------+-------+-------+-------++-------
Melee: Falchion          |    69 |    96 |   264 |   130 ||   559
       Tailslap          |     4 |    41 |    96 |    84 ||   225
       Punch             |     1 |     2 |     9 |       ||    12
       Spear             |       |    60 |       |       ||    60
       Dagger            |       |   120 |   346 |   311 ||   777
Throw: Stone             |       |    10 |       |       ||    10
       Dart              |       |     5 |    14 |     9 ||    28
       Javelin           |       |       |     1 |    12 ||    13
       Boomerang         |       |       |       |     5 ||     5
Invok: Depart the Abyss  |     1 |       |       |       ||     1
       Banish            |       |       |       |     2 ||     2
 Abil: Breathe Lightning |       |       |     5 |     3 ||     8
  Use: Potion            |       |       |     4 |     2 ||     6
       Scroll            |       |       |    12 |       ||    12
 Stab: Sleeping          |       |     8 |     5 |     2 ||    15
       Distracted        |       |       |     1 |     1 ||     2
       Invisible         |       |       |       |     2 ||     2
Armor: Skin              |    30 |    77 |   213 |    98 ||   418
Dodge: Dodged            |    52 |   131 |   385 |   178 ||   746
Block: Kite shield       |       |       |    32 |   134 ||   166

Table legend: (Time is in decaauts)
 A = Elapsed time spent in this place.
 B = Non-inter-level travel time spent in this place.
 C = Inter-level travel time spent in this place.
 D = Time resting spent in this place.
 E = Time spent auto-exploring this place.
 F = Levels seen in this place.
 G = Mean time per level.
                   A        B        C        D        E       F      G
               +--------+--------+--------+--------+--------+-----+--------+
         Total |  17428 |  16564 |    864 |   3844 |   7895 |  14 | 1244.9 |
       Dungeon |  16482 |  15618 |    864 |   3342 |   7895 |  10 | 1648.2 |
        Temple |      1 |      1 |      0 |      0 |      0 |   1 |    1.0 |
         Abyss |     50 |     50 |      0 |      0 |      0 |   1 |   50.0 |
       Ossuary |    549 |    549 |      0 |    212 |      0 |   1 |  549.0 |
        Bailey |    345 |    345 |      0 |    290 |      0 |   1 |  345.0 |
               +--------+--------+--------+--------+--------+-----+--------+

Top non-repeatable levels by time:
     D:9: 2924 daAuts
     D:7: 2757 daAuts
     D:8: 2557 daAuts
     D:4: 1929 daAuts
     D:3: 1544 daAuts
     D:5: 1242 daAuts
     D:2: 1198 daAuts
     D:6: 1185 daAuts
     D:1: 956 daAuts
 Ossuary: 549 daAuts
  Bailey: 345 daAuts
    D:10: 185 daAuts
 Abyss:1: 50 daAuts
  Temple: 1 daAuts
